 Dungeon Crawl Stone Soup version 0.29-a0-323-g050149af67 (webtiles) character file.

Game seed: 11702707860724576981

2 spaghetti the Firebug (level 1, -1/14 HPs)
             Began as a Demigod Fire Elementalist on Apr 11, 2022.
             Slain by a worm (4 damage)
             ... on level 2 of the Dungeon.
             The game lasted 00:00:27 (149 turns).

spaghetti the Firebug (Demigod Fire Elementalist)    Turns: 149, Time: 00:00:27

Health: -1/14      AC:  2    Str:  9    XL:     1   Next: 20%
Magic:  0/5        EV: 12    Int: 17    God:
Gold:   0          SH:  0    Dex: 14    Spells: 2/3 levels left

rFire   . . .      SeeInvis .   (no weapon)
rCold   . . .      Faith    .   (no shield)
rNeg    . . .      Spirit   .   a - +0 robe
rPois   .          Reflect  .   (no helmet)
rElec   .          Harm     .   (no cloak)
rCorr   .          Rampage  .   (no gloves)
Will    .....                   (no boots)
Stlth   ++........              (no amulet)
HPRegen 0.04/turn               (no ring)
MPRegen 0.09/turn               (no ring)

@: very slightly contaminated
A: high MP 1, forlorn, divine attributes
a: no special abilities


You were on level 2 of the Dungeon.
You visited 1 branch of the dungeon, and saw 2 of its levels.


Innate Abilities, Weirdness & Mutations

You have an increased reservoir of magic. (+10% MP)
You shall have no god before yourself.
Your divine heritage dramatically boosts your attributes as you level up.


   Skills:
 - Level 1.7 Dodging
 - Level 1.7 Stealth
 + Level 1.9 Spellcasting
 - Level 0.8 Conjurations
 - Level 2.6 Fire Magic


You had 2 spell levels left.
You knew the following spells:

 Your Spells              Type           Power      Damage    Failure   Level
a - Foxfire               Conj/Fire      28%        2x1d5     10%         1

Your spell library contained the following spells:

 Spells                   Type           Power      Damage    Failure   Level
 Scorch                   Fire           20%        2d6       10%         2
 Conjure Flame            Conj/Fire      7%         6-21      28%         3
 Inner Flame              Hex/Fire       6%         N/A       32%         3
 Flame Wave               Conj/Fire      7%         2d5       67%         4

Inventory:

Hand Weapons
 e - a +0 dagger {short}
   (You took it off a kobold on level 2 of the Dungeon)
Armour
 a - a +0 robe (worn)
Potions
 b - a potion of magic
 c - a potion of haste {unknown}
 d - a potion of attraction {unknown}

Dungeon Overview and Level Annotations

Branches:
Dungeon (2/15)

.... . ## #..# .#
...# #..##.#
#.###..#..#
#..##..#.# !#
#........# .# #
..##...# .#
#.#.#####.# #.#.# .#
#......@..# #.#.# .#
...##..w.####..#.##.#
##.#......###...#
#.#.###.## #.###
..#$##.## ##<.#
.....###.## ##.#.#
...### ##.###.##.#
..#. #..#.## .# .
#.#.## .#


You could see a worm.


Message History

The foxfire hits the kobold.
The kobold barely misses you.
Casting: Foxfire (safe; 10% risk of failure)
Confirm with . or Enter, or press ? or * to list all spells.
You conjure some foxfire!
The kobold closely misses you. 😮 MP[-1]
You lost 1 mp, and now have 3/5 mp.
Casting: Foxfire (safe; 10% risk of failure)
Confirm with . or Enter, or press ? or * to list all spells.
You conjure some foxfire!
The foxfire hits the kobold.
You kill the kobold! 😮 MP[-1]
You lost 1 mp, and now have 2/5 mp.
Casting: Foxfire (safe; 10% risk of failure)
Confirm with . or Enter, or press ? or * to list all spells.
You conjure some foxfire!
The foxfire hits the hobgoblin. x2 😮 MP[-1]
You lost 1 mp, and now have 1/5 mp.
Casting: Foxfire (safe; 10% risk of failure)
Confirm with . or Enter, or press ? or * to list all spells.
You conjure some foxfire!
The foxfire hits the hobgoblin. x2
You kill the hobgoblin! 😮 MP[-1]
You lost 1 mp, and now have 0/5 mp.
Casting: Foxfire (safe; 10% risk of failure)
Confirm with . or Enter, or press ? or * to list all spells.
You don't have enough magic to cast this spell.
Key pressed, stopping explore.
e - a +0 dagger {short} 😎 HP[+4] MP[+5]
Your hp is fully restored (14).
Your mp is fully restored (5).
A worm comes into view.
A worm is nearby!
A worm is nearby!
A worm is nearby!
A worm is nearby!
A worm is nearby!
Casting: Foxfire (safe; 10% risk of failure)
Confirm with . or Enter, or press ? or * to list all spells.
You conjure some foxfire! 😎 MP[-1]
You lost 1 mp, and now have 4/5 mp.
Casting: Foxfire (safe; 10% risk of failure)
Confirm with . or Enter, or press ? or * to list all spells.
You miscast Foxfire.
You are very lightly contaminated with residual magic.
Nothing appears to happen.
The foxfire hits the worm. 😎 MP[-1]
You lost 1 mp, and now have 3/5 mp.
Casting: Foxfire (safe; 10% risk of failure)
Confirm with . or Enter, or press ? or * to list all spells.
You conjure some foxfire! 😎 MP[-1]
You lost 1 mp, and now have 2/5 mp.
Casting: Foxfire (safe; 10% risk of failure)
Confirm with . or Enter, or press ? or * to list all spells.
You miscast Foxfire.
Nothing appears to happen.
The foxfire hits the worm. x2 😎 MP[-1]
You lost 1 mp, and now have 1/5 mp.
Casting: Foxfire (safe; 10% risk of failure)
Confirm with . or Enter, or press ? or * to list all spells.
You conjure some foxfire!
The foxfire hits the worm. 😎 MP[-1]
You lost 1 mp, and now have 0/5 mp.
Casting: Foxfire (safe; 10% risk of failure)
Confirm with . or Enter, or press ? or * to list all spells.
You don't have enough magic to cast this spell.
Casting: Foxfire (safe; 10% risk of failure)
Confirm with . or Enter, or press ? or * to list all spells.
You don't have enough magic to cast this spell.
Really attack while wielding nothing? [Y]es or [N]o only, please.
Really attack while wielding nothing? [Y]es or [N]o only, please.
Really attack while wielding nothing?
You barely miss the worm.
The foxfire hits the worm.
You hit the worm but do no damage. You hit the worm.
The worm bites you. 😮 HP[-6]
You take 6 damage, and now have 8/14 hp.
MASSIVE DAMAGE!! (PAUSE) Unknown command.
Unknown command.
You hit the worm but do no damage. 😮 MP[+1]
Casting: Foxfire (safe; 10% risk of failure)
Confirm with . or Enter, or press ? or * to list all spells.
You conjure some foxfire!
The worm barely misses you. 😮 MP[-1]
You lost 1 mp, and now have 0/5 mp.
Unknown command.
You hit the worm but do no damage.
The foxfire hits the worm. x2
You barely miss the worm. The worm bites you.
* * * LOW HITPOINT WARNING * * *
😱 HP[-5]
You take 5 damage, and now have 3/14 hp.
MASSIVE DAMAGE!! (PAUSE) Unknown command.
You hit the worm but do no damage. The worm bites you.
You die...

Action                   || total
-------------------------++-------
Melee: Unarmed           ||     7
 Cast: Foxfire           ||     9
Dodge: Dodged            ||     3

Levels and vault maps discovered:
D:1:      tarquinn_simple_flora_water_c, layout_basic, serial_shops, shop,
          ebering_ecumenical_altar_petrified
D:2:      layout_loops_ring, uniq_crazy_yiuf_cottage

Notes
Turn   | Place    | Note
-------+----------+-------------------------------------------
     0 | D:1      | spaghetti the Demigod Fire Elementalist began the quest for
                  | the Orb.
     0 | D:1      | Reached XP level 1. HP: 14/14 MP: 5/5
     0 | D:1      | magus.rc [v1.9.6]
   148 | D:2      | HP: 3/14 [worm (5)]
   149 | D:2      | Slain by a worm

Vanquished Creatures
  A hobgoblin (D:2)
  A kobold (D:2)
2 creatures vanquished.

Vanquished Creatures (others)
  15 foxfires (D:2)
15 creatures vanquished.

Grand Total: 17 creatures vanquished

Table legend:
 A = Non-vault XP
 B = Vault XP
 C = Vault XP percentage of total XP
 D = Non-vault monster count
 E = Vault monster count
 F = Vault count percentage of total count
                 A         B        C        D         E       F
            +---------+---------+-------+---------+---------+-------
      Total |       3 |       0 |   0.0 |       2 |       0 |   0.0
            +---------+---------+-------+---------+---------+-------
        D:2 |       3 |       0 |   0.0 |       2 |       0 |   0.0
            +---------+---------+-------+---------+---------+-------

Illustrated notes

Table legend:
 A = Kills in this place as a percentage of kills in entire the game.
 B = Kills by you in this place as a percentage of kills by you in the entire game.
 C = Kills by friends in this place as a percentage of kills by friends in the entire game.
 D = Other kills in this place as a percentage of other kills in the entire game.
 E = Experience gained in this place as a percentage of experience gained in the entire game.
 F = Experience gained in this place divided by the number of levels of this place that you have seen.
                   A       B       C       D       E      F
               +-------+-------+-------+-------+-------+----------------------
         Total | 100.0 | 100.0 |   N/A |   N/A | 100.0 |   1.5
       Dungeon | 100.0 | 100.0 |   N/A |   N/A | 100.0 |   1.5
               +-------+-------+-------+-------+-------+----------------------

Table legend: (Time is in decaauts)
 A = Elapsed time spent in this place.
 B = Non-inter-level travel time spent in this place.
 C = Inter-level travel time spent in this place.
 D = Time resting spent in this place.
 E = Time spent auto-exploring this place.
 F = Levels seen in this place.
 G = Mean time per level.
                   A        B        C        D        E       F      G
               +--------+--------+--------+--------+--------+-----+--------+
         Total |    148 |    144 |      4 |      0 |    108 |   2 |   74.0 |
       Dungeon |    148 |    144 |      4 |      0 |    108 |   2 |   74.0 |
               +--------+--------+--------+--------+--------+-----+--------+

Top non-repeatable levels by time:
     D:2: 129 daAuts
     D:1: 19 daAuts
